 Dungeon Crawl Stone Soup version 0.26-a0-365-g11c2b627af (webtiles) character file.

Game seed: 5031709729646656933

9275 Harras the Protected (level 11, -1/100 HPs)
             Began as a Deep Dwarf Fighter on July 19, 2020.
             Slain by a black mamba (7 damage)
             ... on level 3 of the Lair of Beasts.
             The game lasted 01:49:39 (6571 turns).

Harras the Protected (Deep Dwarf Fighter)           Turns: 6571, Time: 01:49:39

Health: -1/100     AC: 17    Str: 21    XL:     11   Next: 20%
Magic:  4/4        EV:  8    Int: 15    God:
Gold:   389        SH:  0    Dex: 14    Spells: 10/10 levels left

rFire    . . .     SeeInvis .   U - +5 scythe "Finisher" {speed, eviscerate}
rCold    . . .     Faith    .   (shield currently unavailable)
rNeg     . . .     Spirit   .   E - +0 plate armour
rPois    .         Reflect  .   (no helmet)
rElec    .         Harm     .   u - +0 cloak
rCorr    .                      (no gloves)
MR       +....                  b - +0 pair of boots
Stlth    ..........             e - amulet of regeneration
HPRegen  0.00/turn              z - +6 ring of intelligence
MPRegen  0.09/turn              k - +4 ring of slaying

@: lethally poisoned (-1 -> -121), about to teleport, non-regenerating
A: damage resistance, heal wounds, sense surroundings 2, no regeneration
a: Heal Wounds


You were on level 3 of the Lair of Beasts.
You visited 3 branches of the dungeon, and saw 12 of its levels.

You collected 389 gold pieces.

Inventory:

Hand Weapons
 o - a +6 quarterstaff of chaos
 I - a +2 falchion of freezing
 N - a +1 whip of electrocution
 Q - a +2 glaive of venom
 U - the +5 scythe "Finisher" (weapon) {speed, eviscerate}
   (You found it on level 8 of the Dungeon)

   Attacks with this weapon are significantly faster.
Missiles
 n - 131 bolts
 r - 48 sling bullets
 v - 114 arrows
 y - a boomerang
 A - 198 stones
 B - 2 throwing nets
 H - 16 poisoned darts (quivered)
 V - 7 silver javelins
Armour
 b - a +0 pair of boots (worn)
 c - a +0 kite shield
 u - a +0 cloak (worn)
 E - a +0 plate armour (worn)
Jewellery
 e - an amulet of regeneration (around neck)
 k - a +4 ring of slaying (right hand)
 z - a +6 ring of intelligence (left hand)
 C - a +6 ring of dexterity {unknown}
 L - a cursed amulet of inaccuracy {unknown}
 S - the ring "Ybloevio" {Int+4 SInv}
   (You found it on level 8 of the Dungeon)

   [ring of see invisible]

   It affects your intelligence (+4).
   It lets you see invisible.
 W - an uncursed ring of resist corrosion {unknown}
 Y - an uncursed ring of see invisible
Wands
 M - a wand of random effects (12)
 P - a wand of digging (4)
 Z - a wand of iceblast (6)
Scrolls
 a - a scroll of summoning {unknown}
 i - a scroll of random uselessness {unknown}
 m - a scroll of teleportation
 F - a scroll of enchant armour {unknown}
 G - a scroll of remove curse
 J - 2 scrolls of amnesia {unknown}
 R - a scroll of immolation {unknown}
Potions
 d - 2 potions of might
 f - a potion of stabbing {unknown}
 g - 2 potions of haste
 h - a potion of cancellation {unknown}
 j - a potion of magic {unknown}
 l - a potion of lignification {unknown}
 p - a potion of brilliance {unknown}
 q - a potion of mutation {unknown}
 s - 2 potions of resistance
 x - 2 potions of heal wounds {unknown}
 D - a potion of berserk rage {unknown}
 T - a potion of ambrosia {unknown}


   Skills:
 + Level 7.0 Fighting
 + Level 3.3 Long Blades
 + Level 5.2(7.9) Polearms
 + Level 9.3(9.9) Staves
 + Level 2.1 Throwing
 + Level 10.9 Armour
 + Level 3.2 Dodging
 + Level 1.7 Stealth
 + Level 4.0 Shields


You had 10 spell levels left.
You didn't know any spells.
Your spell library contained the following spells:

 Spells                   Type           Power        Failure   Level
 Sting                    Tmut/Pois      #...         98%         1
 Poisonous Vapours        Pois/Air       #.....       99%         2
 Confusing Touch          Hex            #.......     100%        3
 Gell's Gravitas          Tloc           #.........   100%        3
 Ignite Poison            Fire/Tmut/Pois #.......     100%        3
 Mephitic Cloud           Conj/Pois/Air  #.......     100%        3
 Olgreb's Toxic Radiance  Pois           #.......     100%        4
 Petrify                  Tmut/Erth      #.......     100%        4
 Metabolic Englaciation   Hex/Ice        #.........   100%        5
 Yara's Violent Unravell  Hex/Tmut       #.........   100%        5


Dungeon Overview and Level Annotations

Branches:
Dungeon (9/15)             Temple (1/1) D:4            Lair (3/6) D:9
 Shoals (0/4) Lair:2        Snake (0/4) Lair:3
    Orc: D:9-12

Altars:
Ashenzari
Dithmenos
Elyvilon
Fedhas
Gozag
Hepliaklqana
Kikubaaqudgha
Okawaru
Qazlal
Ru
Trog
Vehumet
Xom
The Shining One

Annotations:
D:7 1 exclusion


Innate Abilities, Weirdness & Mutations

You are resistant to damage.
You can heal yourself by infusing magical energy.
You passively map the area around you.
You do not regenerate.


Message History

You feel extremely sick. The water moccasin barely misses you.
The water moccasin bites you but does no damage.
The black mamba bites you but does no damage.
The black mamba barely misses you. The adder bites you but does no damage.
The porcupine bites you!
* * * LOW HITPOINT WARNING * * *
The water moccasin bites you but does no damage.
The water moccasin completely misses you.
As you read the scroll of teleportation, it crumbles to dust.
You feel strangely unstable.
* * * LOW HITPOINT WARNING * * *
You feel extremely sick. The black mamba closely misses you.
The black mamba bites you!
* * * LOW HITPOINT WARNING * * *
You are more poisoned.
The black mamba poisons you! The adder bites you but does no damage.
The black mamba bites you but does no damage.
The black mamba bites you!
You die...

* , , , *, * * , * *
* , .#* ** , , * .##
* , , * * ... , , ..
, ** , .. ,,**.. ,
#.<,###.# ** ,
#.##r..## * , ,
,#S@S...# ,
#########SSS..)# *
##........SS.......
*
#..................,
*
##.................
,,, .**
#....#...#.........
, , ..
###.#######.........
)..##...#
*#.##.#PP#P
#)..†...# *P.# #####
** ,


You could see 2 black mambas, 2 water moccasins, a porcupine and 3 adders.

Vanquished Creatures
  Pikel (D:7)
  A manticore (Lair:2)
  4 cane toads (Lair:1)
  Joseph (D:7)
  A rime drake (Lair:1)
  2 komodo dragons (Lair:1)
  2 hippogriffs
  5 wraiths (D:8)
  6 yaks (Lair:1)
  A basilisk (Lair:2)
  The ghost of Tensor the Skirmisher, an amateur PaAK of Lugonu (D:3)
  4 water moccasins (Lair:1)
  2 orc warriors
  2 black bears (D:9)
  4 porcupines
  A sky beast (D:9)
  An ogre (D:9)
  5 wolves (Lair:1)
  3 crocodiles
  A centaur (D:7)
  2 lemures (D:7)
  A big kobold (D:7)
  5 bullfrogs
  6 scorpions
  10 killer bees
  8 wights
  A bullfrog zombie (D:8)
  A quasit (D:7)
  2 hounds (D:9)
  A jelly (D:6)
  Crazy Yiuf (D:2)
  6 orc wizards
  An iguana (D:8)
  3 worker ants
  9 adders
  A shadow imp (D:8)
  2 white imps (D:7)
  3 worms
  A dart slug (D:2)
  3 leopard geckos
  16 orcs
  A ball python (D:1)
  4 giant cockroaches
  3 goblins
  A hobgoblin (D:3)
  9 kobolds
  4 quokkas
  6 bats
  5 frilled lizards
  10 rats
  2 fungi
  15 plants
191 creatures vanquished.

Vanquished Creatures (others)
  A fungus (Lair:3)
  2 plants (Lair:3)
3 creatures vanquished.

Grand Total: 194 creatures vanquished

Notes
Turn   | Place    | Note
-------+----------+-------------------------------------------
     0 | D:1      | Harras the Deep Dwarf Fighter began the quest for the Orb.
     0 | D:1      | Reached XP level 1. HP: 20/20 MP: 1/1
   290 | D:1      | Reached XP level 2. HP: 25/27 MP: 2/2
   899 | D:2      | Found a runed translucent door.
   900 | D:2      | Noticed Crazy Yiuf
   914 | D:2      | Killed Crazy Yiuf
   914 | D:2      | Reached XP level 3. HP: 22/34 MP: 3/3
   988 | D:2      | Reached XP level 4. HP: 27/42 MP: 4/4
  1467 | D:3      | Found a runed translucent gate.
  1471 | D:3      | Found a runed translucent gate.
  1471 | D:3      | Found a runed translucent gate.
  1471 | D:3      | Noticed Tensor's ghost (amateur PaAK)
  1602 | D:3      | Reached skill level 4 in Armour
  1762 | D:3      | Reached skill level 1 in Staves
  2035 | D:3      | Reached XP level 5. HP: 34/49 MP: 5/5
  2126 | D:3      | Found a shattered altar of Ashenzari.
  2736 | D:3      | Killed Tensor's ghost
  2736 | D:3      | Reached skill level 1 in Dodging
  2736 | D:3      | Reached XP level 6. HP: 30/56 MP: 5/5
  2800 | D:4      | Found a staircase to the Ecumenical Temple.
  2871 | Temple   | Entered the Ecumenical Temple
  3013 | D:4      | Found a white marble altar of Elyvilon.
  3071 | D:4      | You fall into a shaft and drop 3 floors!
  3148 | D:7      | Reached XP level 7. HP: 37/62 MP: 6/6
  3157 | D:7      | Reached skill level 5 in Armour
  3338 | D:7      | Noticed Joseph
  3390 | D:7      | Killed Joseph
  3390 | D:7      | Reached skill level 6 in Armour
  3509 | D:7      | Reached XP level 8. HP: 71/72 MP: 5/5
  3617 | D:7      | Noticed Pikel
  3645 | D:7      | Killed Pikel
  3645 | D:7      | Reached skill level 5 in Staves
  3645 | D:7      | Reached skill level 7 in Armour
  4261 | D:6      | Reached skill level 1 in Throwing
  4456 | D:6      | Reached skill level 8 in Armour
  4460 | D:6      | Gained mutation: You passively map the area around you.
                  | [Deep Dwarf growth]
  4460 | D:6      | Reached XP level 9. HP: 68/80 MP: 5/5
  4619 | D:8      | Reached skill level 5 in Fighting
  4640 | D:8      | Got a vibrating granite ring
  4856 | D:8      | Found the +5 scythe "Finisher" {speed, eviscerate}
  4876 | D:8      | Reached skill level 1 in Polearms
  4876 | D:8      | Reached skill level 1 in Stealth
  4885 | D:8      | Reached skill level 9 in Armour
  4931 | D:8      | Identified the ring "Ybloevio" {Int+4 SInv} (You found it
                  | on level 8 of the Dungeon)
  5304 | D:9      | Reached XP level 10. HP: 49/88 MP: 5/5
  5311 | D:9      | Found a staircase to the Lair.
  5434 | Lair:1   | Entered Level 1 of the Lair of Beasts
  5436 | Lair:1   | Noticed a cane toad
  5448 | Lair:1   | Killed a cane toad
  5521 | Lair:1   | Reached skill level 10 in Armour
  5674 | Lair:1   | Noticed a cane toad
  5682 | Lair:1   | Killed a cane toad
  5964 | Lair:1   | Noticed a cane toad
  5969 | Lair:1   | Killed a cane toad
  6026 | Lair:1   | Reached XP level 11. HP: 50/99 MP: 6/6
  6400 | Lair:2   | Found a staircase to the Shoals.
  6409 | Lair:2   | Reached skill level 5 in Polearms
  6523 | Lair:3   | Found a staircase to the Snake Pit.
  6571 | Lair:3   | Slain by a black mamba

Illustrated notes

Levels and vault maps discovered:
D:1:      sevenhm_arrival_forest_fort_small_3, layout_loops_corners,
          minmay_misc_feat_rows
D:2:      layout_loops_ring, uniq_crazy_yiuf_cottage
D:3:      layout_basic, gammafunk_ghost_split, nicolae_ashenzari_panopticon
D:4:      minmay_polygon_palace, layout_cave_pools, elyvilon_altar_4,
          temple_fountains, lightli_sewer_entry_pipes
D:6:      layout_basic, uniq_eustachio
D:7:      layout_layer_cave, uniq_pikel, uniq_joseph
D:8:      layout_loops_cross, minmay_guarded_unrand_finisher
D:9:      layout_loops_ring, due_lair_maze_entry_diamond, orc_0_dummy,
          serial_co_window_serial, co_window_paths_a, co_window_paths_a,
          co_window_paths_b, co_window_of_opportunity_a, co_window_corner_a,
          co_window_unsneaky_path_d, co_window_corner_b,
          co_window_unsneaky_path_e, co_window_sun, co_window_paths_e,
          glass_columns_b, uniq_maurice
Temple:   regret_index_temple_chain_breaker
Lair:1:   layout_misc_corridors, chequers_serial_rivers_small_3,
          serial_bayou_shore_a
Lair:2:   layout_hall_layers, minmay_shoals_entry_beasts,
          chequers_serial_rivers_small_3
Lair:3:   layout_chaotic_city, minmay_snake_entry_six_corridors,
          kennysheep_abandoned_house, grunt_megastairs_5

Skill      XL: |  1  2  3  4  5  6  7  8  9 10 11 |
---------------+----------------------------------+-----
Fighting       | 3 4 5 6 7 |  7.0
Long Blades    | 3 |  3.3
Shields        | 4 |  4.0
Armour         | 4 6 8 9 10 | 10.9
Staves         | 1 2 3 4 6 7 9 |  9.3
Dodging        | 1 2 3 |  3.2
Throwing       | 1 2 |  2.1
Polearms       | 2 4 5 |  5.2
Stealth        | 1 |  1.7

Action                   |  1- 3 |  4- 6 |  7- 9 | 10-12 || total
-------------------------+-------+-------+-------+-------++-------
Melee: Long sword        |    46 |       |       |       ||    46
       Quarterstaff      |    12 |   128 |   196 |   120 ||   456
       Glaive            |       |       |    34 |       ||    34
       Scythe            |       |       |       |   134 ||   134
Throw: Boomerang         |       |     7 |     4 |       ||    11
       Dart              |       |       |    14 |     4 ||    18
       Stone             |       |       |     4 |       ||     4
 Abil: Heal Wounds       |       |     2 |    15 |    30 ||    47
Evoke: Wand              |       |       |     1 |       ||     1
  Use: Scroll            |       |       |     9 |     5 ||    14
 Stab: Paralysed         |       |       |     1 |     1 ||     2
Armor: Scale mail        |    17 |    62 |       |       ||    79
       Plate armour      |       |    59 |   204 |   223 ||   486
Dodge: Dodged            |    26 |    96 |   114 |   114 ||   350
Block: Kite shield       |    26 |       |       |       ||    26
       Rpst.: Long sword |     4 |       |       |       ||     4

Table legend: (Time is in decaauts)
 A = Elapsed time spent in this place.
 B = Non-inter-level travel time spent in this place.
 C = Inter-level travel time spent in this place.
 D = Time resting spent in this place.
 E = Time spent auto-exploring this place.
 F = Levels seen in this place.
 G = Mean time per level.
                   A        B        C        D        E       F      G
               +--------+--------+--------+--------+--------+-----+--------+
         Total |   6720 |   2767 |   3953 |    100 |     92 |  12 |  560.0 |
       Dungeon |   5480 |   2267 |   3213 |    100 |     92 |   8 |  685.0 |
        Temple |     80 |     10 |     70 |      0 |      0 |   1 |   80.0 |
          Lair |   1159 |    489 |    670 |      0 |      0 |   3 |  386.3 |
               +--------+--------+--------+--------+--------+-----+--------+
